 Dungeon Crawl Stone Soup version 0.31.0-11-ge490571c62 (webtiles) character file.

Game seed: 3896178157079051746

37 qw the Shooter (level 3, 0/18 HPs)
             Began as a Spriggan Hunter on Feb 4, 2024.
             Slain by a phantom (6 damage)
             ... on level 4 of the Dungeon.
             The game lasted 00:00:03 (1136 turns).

qw the Shooter (Spriggan Hunter)                    Turns: 1136, Time: 00:00:03

Health: 0/18       AC:  2    Str:  7    XL:     3   Next: 23%
Magic:  4/4        EV: 19    Int: 10    God:
Gold:   102        SH:  0    Dex: 20    Spells: 2/2 levels left

rFire   . . .        a - +0 shortbow
rCold   . . .        (shield currently unavailable)
rNeg    . . .        c - +0 robe
rPois   .            (helmet restricted)
rElec   .            (no cloak)
rCorr   .            (gloves unavailable)
SInv    +            (boots unavailable)
Will    .....        (no amulet)
Stlth   ++           (no ring)
HPRegen 0.23/turn    (no ring)
MPRegen 0.09/turn

%: no passive effects
@: very quick
A: very small, no large weapons, unfitting armour, see invisible, speed 3
a: no special abilities


You were on level 4 of the Dungeon.
You visited 1 branch of the dungeon, and saw 3 of its levels.

You collected 102 gold pieces.


Innate Abilities, Weirdness & Mutations

You are very small and have problems with some larger weapons.
You are too small for most types of armour.
You have supernaturally acute eyesight. (SInv)
You cover ground extremely quickly. (Speed+++)


   Skills:
 - Level 1.5 Fighting
 + Level 4.6 Ranged Weapons
 - Level 4.0 Dodging
 - Level 1.5 Stealth


You had 2 spell levels left.
You didn't know any spells.
Your spell library was empty.

Inventory:

Hand Weapons
 a - a +0 shortbow (weapon)
Armour
 c - a +0 robe (worn)
Scrolls
 d - a scroll of identify {unknown}
Potions
 b - a potion of enlightenment {unknown}
 g - a potion of curing {unknown}
 i - a potion of lignification {unknown}

Dungeon Overview and Level Annotations

Branches:
Dungeon (2/15)

Altars:


Message History

A malevolent force fills the Dungeon...
You fall into a shaft and drop 2 floors!
The shaft crumbles and collapses.
You open the door.
A hobgoblin and a phantom come into view.
Found a scroll labelled GOMUQISUST and a scroll labelled RUOHUU OTAEHET.
Waypoint 2 assigned to D:4.
You shoot an arrow. The arrow hits the phantom.
The phantom is lightly damaged.
The hobgoblin shouts!
You hear a shout!
You shoot an arrow. The arrow closely misses the phantom.
The arrow hits the hobgoblin!
You kill the hobgoblin!
The phantom hits you.
A kobold comes into view. It is wielding a +0 whip.
The phantom hits you.
The phantom blinks!
You blink.
The kobold hits you but does no damage.
You shoot an arrow.
The arrow completely misses the phantom.
The phantom completely misses you. The kobold barely misses you.
You shoot an arrow. The arrow hits the phantom.
The phantom is lightly damaged.
The phantom closely misses you. The kobold barely misses you.
You shoot an arrow.
The arrow hits the phantom but does no damage.
The phantom is lightly damaged.
The phantom hits you.
The phantom blinks!
You blink.
Found 2 stones.
You shoot an arrow. The arrow barely misses the phantom.
The phantom barely misses you.
You shoot an arrow.
The arrow hits the phantom but does no damage.
The phantom is lightly damaged.
The phantom hits you but does no damage.
The kobold barely misses you.
You shoot an arrow. The arrow hits the phantom.
The phantom is moderately damaged.
The phantom misses you. The kobold hits you with a +0 whip.
The phantom barely misses you. The kobold closely misses you.
You shoot an arrow. The arrow barely misses the phantom.
The phantom hits you.
You die...

####+####
#.....K@#
#...?..W#
###..?#...#
##.'..###..+
#..#...#...#
#.##......(#
#........#.......#
#.##.##..####+####
# #..#


You could see a phantom and a kobold.

Vanquished Creatures
  A dart slug (D:1)
  A ribbon worm (D:2)
  4 endoplasms
  2 giant cockroaches
  7 hobgoblins
  5 kobolds
  2 bats
  2 frilled lizards (D:1)
  3 goblins
  3 rats (D:1)
30 creatures vanquished.

Notes
Turn   | Place    | Note
-------+----------+-------------------------------------------
     0 | D:1      | qw the Spriggan Hunter began the quest for the Orb.
     0 | D:1      | Reached XP level 1. HP: 10/10 MP: 2/2
     0 | D:1      | 0 ||| qw: Version: 0.3-a-160-g6735b56
     0 | D:1      | 0 ||| qw: Game counter: 5162
     0 | D:1      | 0 ||| qw: Melee chars always use a shield: true
     0 | D:1      | 0 ||| qw: God list: Okawaru
     0 | D:1      | 0 ||| qw: Allow faded altars: false
     0 | D:1      | 0 ||| qw: Do Orc after clearing Dungeon:15 true
     0 | D:1      | 0 ||| qw: Do second Lair branch before Depths: true
     0 | D:1      | 0 ||| qw: Lair rune preference: random
     0 | D:1      | 0 ||| qw: Goals: Normal
     0 | D:1      | 0 ||| PLANNING D:1-11
    53 | D:1      | Reached skill level 3 in Dodging
   176 | D:1      | Reached XP level 2. HP: 14/14 MP: 3/3
   882 | D:1      | 882 ||| READING scroll labelled NIRIURIOKI.
   883 | D:1      | 883 ||| READING scroll labelled SYMMI ODID.
   884 | D:1      | 884 ||| READING scroll labelled YRAWKALAEP.
   885 | D:1      | 885 ||| DRINKING 2 grey potions.
   886 | D:1      | 886 ||| DROPPING scroll of butterflies.
   887 | D:1      | 887 ||| DROPPING potion of brilliance.
   998 | D:2      | Reached XP level 3. HP: 18/18 MP: 4/4
  1123 | D:2      | You fall into a shaft and drop 2 floors!
  1127 | D:4      | Noticed a phantom
  1136 | D:4      | Slain by a phantom

Levels and vault maps discovered:
D:1:      lightli_arrival_noodles, layout_basic
D:2:      layout_basic, minmay_bisected
D:4:      layout_loops_ring, minmay_temple_entry_proselytizer,
          hangedman_glass_teeth, roderic_roman_lattice,
          kennysheep_generic_room_8, uniq_duvessa

Skill      XL: |  1  2 |
---------------+-------+-----
Dodging        | 3 4 |  4.0
Fighting       | |  1.5
Ranged Weapons | |  4.6
Stealth        | |  1.5

Action                     || total
---------------------------++-------
   Fire: Shortbow          ||    80
    Use: Scroll            ||     3
         Potion            ||     1
 Armour: Robe              ||    10
  Dodge: Dodged            ||    20

Table legend:
 A = Non-vault XP
 B = Vault XP
 C = Vault XP percentage of total XP
 D = Non-vault monster count
 E = Vault monster count
 F = Vault count percentage of total count
                 A         B        C        D         E       F
            +---------+---------+-------+---------+---------+-------
      Total |      46 |       8 |  14.8 |      25 |       5 |  16.7
            +---------+---------+-------+---------+---------+-------
        D:1 |      37 |       0 |   0.0 |      21 |       0 |   0.0
        D:2 |       9 |       6 |  40.0 |       4 |       4 |  50.0
        D:4 |       0 |       2 | 100.0 |       0 |       1 | 100.0
            +---------+---------+-------+---------+---------+-------
